 Dungeon Crawl Stone Soup version 0.24.0-37-gcf1ca852f1 (webtiles) character file.

Game seed: 10231466478648399711, levelgen mode: deterministic

36 sankara the Grasshopper (level 3, -1/24 HPs)
             Began as a Halfling Warper on Dec 4, 2019.
             Slain by a gnoll
             ... wielding a cursed -1 halberd
              (10 damage)
             ... on level 2 of the Dungeon.
             The game lasted 00:03:28 (1721 turns).

sankara the Grasshopper (Halfling Warper)           Turns: 1721, Time: 00:03:29

Health: -1/24      AC:  6    Str: 13    XL:     3   Next: 57%
Magic:  5/5        EV: 14    Int: 11    God:
Gold:   11         SH:  0    Dex: 13    Spells: 1/5 levels left

rFire    . . .     SeeInvis .   a - +0 short sword
rCold    . . .     Gourm    .   (shield restricted)
rNeg     . . .     Faith    .   b - +0 leather armour
rPois    +         Spirit   .   l - +0 helmet
rElec    .         Reflect  .   (no cloak)
rCorr    .         Harm     .   (no gloves)
MR       .....                  (no boots)
Stlth    +.........             (no amulet)
HPRegen  0.08/turn              i - ring of poison resistance
MPRegen  0.09/turn              k - +2 ring of protection

@: no status effects
A: small, mutation resistance 1
a: no special abilities


You were on level 2 of the Dungeon.
You were not hungry.

You visited 1 branch of the dungeon, and saw 2 of its levels.

You collected 11 gold pieces.

Inventory:

Hand Weapons
 a - a +0 short sword (weapon)
 m - a +0 dagger
Missiles
 e - 5 boomerangs of dispersal
 h - 34 stones (quivered)
Armour
 b - a +0 leather armour (worn)
 l - a +0 helmet (worn)
Jewellery
 i - a ring of poison resistance (left hand)
 k - a +2 ring of protection (right hand)
Scrolls
 d - a scroll of blinking
 j - a scroll of identify {unknown}
 o - a scroll of fog {unknown}
 p - a scroll of enchant weapon {unknown}
 q - a scroll of random uselessness {unknown}
 r - a scroll of remove curse {unknown}
Potions
 c - a potion of flight {unknown}
 g - a potion of curing {unknown}
Comestibles
 f - a ration
 n - 3 chunks of flesh


   Skills:
 + Level 2.2 Fighting
 * Level 3.3 Short Blades
 - Level 1.0 Throwing
 - Level 1.1 Armour
 + Level 2.6 Dodging
 - Level 1.5 Spellcasting
 + Level 0.6 Charms
 + Level 3.5 Translocations


You had one spell level left.
You knew the following spells:

 Your Spells              Type           Power        Failure   Level  Hunger
a - Blink                 Tloc           N/A          14%         2    ###....
b - Shroud of Golubria    Chrm/Tloc      #.....       26%         2    ###....

Your spell library contained the following spells:

 Spells                   Type           Power        Failure   Level  Hunger
 Gell's Gravitas          Tloc           #.........   28%         3    ####...
 Lesser Beckoning         Tloc           #.........   28%         3    ####...
 Teleport Other           Tloc           #.......     28%         3    ####...
 Passage of Golubria      Tloc           N/A          67%         4    #####..


Dungeon Overview and Level Annotations

Branches:
Dungeon (2/15)

Altars:

Annotations:
D:2 exclusion: gnoll


Innate Abilities, Weirdness & Mutations

You are small and have problems with some larger weapons.
You are somewhat resistant to further mutation.


Message History

The gnoll is severely wounded.
The gnoll closely misses you.
You barely miss the gnoll.
The gnoll is severely wounded.
The gnoll misses you.
You hit the gnoll.
The gnoll is almost dead.
The gnoll barely misses you.
You hit the gnoll but do no damage.
The gnoll is almost dead.
You closely miss the gnoll.
The gnoll is almost dead.
The gnoll barely misses you.
You barely miss the gnoll.
The gnoll is almost dead.
The gnoll hits you with a cursed -1 halberd.
You hit the gnoll but do no damage.
The gnoll is almost dead.
The gnoll hits you with a cursed -1 halberd!
You die...

#.##### ###########
#.#...# #....)....#
#.#...# #.#######.#
##.#...####
#####.#####.........#
#.###...................#
#......>..#####.......<.#
#.###.###.#
##.#..........#
#.##.#.##.#
#@#...######.#
#.........# #g#...#
######.#### ##'##### #.#
##...## #.# ##.....##
##.## ##.(.....#
##...####.........#
#.....(('.........+
##...####.........#


You could see a gnoll.

Vanquished Creatures
  3 dart slugs (D:1)
  2 bats (D:1)
  6 giant cockroaches
  3 goblins (D:1)
  3 hobgoblins
  A ball python (D:1)
  4 frilled lizards (D:1)
  4 kobolds (D:1)
  2 rats (D:1)
28 creatures vanquished.

Notes
Turn   | Place    | Note
-------+----------+-------------------------------------------
     0 | D:1      | sankara the Halfling Warper began the quest for the Orb.
     0 | D:1      | Reached XP level 1. HP: 14/14 MP: 3/3
   276 | D:1      | Reached XP level 2. HP: 6/19 MP: 4/4
   483 | D:1      | Learned a level 2 spell: Blink
   486 | D:1      | Learned a level 2 spell: Shroud of Golubria
  1178 | D:1      | Reached XP level 3. HP: 24/24 MP: 5/5
  1721 | D:2      | Slain by a gnoll

Levels and vault maps discovered:
D:1:      scummos_arrival_simple_crosswalls, layout_basic, serial_corexii_hall,
          corexii_hall_statues_s, corexii_hall_statues_x,
          corexii_hall_statues_i, chequers_hall_statues_y
D:2:      layout_loops_corners, minivault_25, uniq_crazy_yiuf_cottage

Skill      XL: |  1  2 |
---------------+-------+-----
Fighting       | 2 |  2.2
Short Blades   | 3 |  3.3
Throwing       | |  1.0
Armour         | |  1.1
Dodging        | |  2.6
Spellcasting   | |  1.5
Charms         | |  0.6
Translocations | |  3.5

Action                   || total
-------------------------++-------
Melee: Short sword       ||   127
Throw: Stone             ||     5
 Stab: Sleeping          ||     1
  Eat: Chunk             ||     3
Armor: Leather armour    ||    29
Dodge: Dodged            ||    71
